 Dungeon Crawl Stone Soup version 0.32-a0-558-g233958a4c4 (webtiles) character file.

Game seed: 625351371220683692

606 seren the Slasher (level 7, -3/53 HPs)
             Began as a Coglin Gladiator on Mar 1, 2024.
             Was an Initiate of Gozag.
             Slain by Grinder (5 damage)
             ... while paralysed by Grinder
             ... on level 5 of the Dungeon.
             The game lasted 00:16:49 (4545 turns).

seren the Slasher (Coglin Gladiator)                Turns: 4545, Time: 00:16:50

Health: -3/53      AC:  5    Str: 17    XL:     7   Next: 42%
Magic:  7/7        EV:  2    Int:  7    God:    Gozag
Gold:   227        SH:  0    Dex: 15    Spells: 6/6 levels left

rFire   . . .        a - +0 long sword {Juwon}
rCold   . . .        A - +0 long sword {Tertia}
rNeg    . . .        b - +0 leather armour
rPois   .            c - +0 helmet
rElec   .            r - scarf {repulsion}
rCorr   .            p - +0 pair of gloves
SInv    .            (no boots)
Will    .....        (amulet unavailable)
Stlth   +            (ring unavailable)
HPRegen 0.28/turn    (ring unavailable)
MPRegen 0.10/turn    (no gizmo)

%: repel missiles
@: paralysed, revving
A: off-hand wielding, slow wielding, warmup strikes, no jewelry
a: Invent Gizmo, Renounce Religion, Potion Petition, Call Merchant, Bribe Branch


You were on level 5 of the Dungeon.
You worshipped Gozag.
Gozag was aware of your devotion.
You visited 1 branch of the dungeon, and saw 5 of its levels.
You also visited: Sewer.

You collected 363 gold pieces.
You spent 65 gold pieces at shops.
You paid 71 gold pieces to Gozag.

Inventory:

Hand Weapons
 a - a +0 long sword (weapon) {Juwon}
 f - a +0 short sword {Jakob}
 A - a +0 long sword (offhand) {Tertia}
Missiles
 d - 3 throwing nets {!f}
 e - a javelin
Armour
 b - a +0 leather armour (worn)
 c - a +0 helmet (worn)
 p - a +0 pair of gloves (worn)
 r - a scarf of repulsion (worn)
Scrolls
 i - 2 scrolls of fog
 j - a scroll of fear
 n - 3 scrolls of blinking {!r}
 o - 2 scrolls of amnesia {unknown}
 q - 3 scrolls of teleportation {!r}
 s - 2 scrolls of enchant weapon
 t - a scroll of enchant armour {unknown}
 v - a scroll of revelation {unknown}
 x - 2 scrolls of noise {unknown}
 y - a scroll of butterflies {unknown}
Potions
 g - a potion of lignification
 h - 2 potions of brilliance
 k - 5 potions of heal wounds
 l - 2 potions of invisibility {unknown}
 m - a potion of degeneration {unknown}
 u - a potion of berserk rage {unknown}
 w - a potion of attraction {unknown}
 z - a potion of magic {unknown}
 B - a potion of enlightenment {unknown}
 C - 2 potions of haste {unknown}
 D - a potion of curing {unknown}
 E - a potion of mutation {unknown}


   Skills:
 + Level 3.8 Fighting
 * Level 5.3 Long Blades
 + Level 3.4 Throwing
 + Level 2.2 Armour
 + Level 4.0 Dodging


You had 6 spell levels left.
You didn't know any spells.
Your spell library contained the following spells:

 Spells                   Type           Power      Damage    Failure   Level
 Slow                     Hex            0%         N/A       50%         1
 Confusing Touch          Hex            0%         N/A       86%         3
 Sigil of Binding         Hex            0%         N/A       86%         3
 Vampiric Draining        Necr           0%         2d6       86%         3
 Summon Forest            Summ/Tloc      0%         N/A       100%        5
 Summon Mana Viper        Hex/Summ       0%         N/A       100%        5
 Summon Cactus Giant      Summ           0%         N/A       100%        6


Dungeon Overview and Level Annotations

Branches:
Dungeon (5/15)              Sewer (visited)
 Temple: D:4-7

Altars:
Gozag
Hepliaklqana

Shops:
D:1 (([[?   D:2 (

Annotations:
D:5 Grinder


Innate Abilities, Weirdness & Mutations

You can wield a second weapon in your off-hand.
It takes a long time for you to wield or remove held weapons.
Your first few attacks do less damage.
You cannot equip rings or amulets.


Message History

You resist with significant effort.
You hit Grinder with your +0 long sword.
Grinder is moderately wounded.
You hit Grinder with your +0 long sword.
Grinder hits you.
* * * LOW HITPOINT WARNING * * *
You writhe in agony.
* * * LOW HITPOINT WARNING * * *
You hit Grinder with your +0 long sword.
Grinder is heavily wounded.
You hit Grinder but do no damage. Grinder barely misses you.
You hit Grinder with your +0 long sword.
Grinder is heavily wounded.
You barely miss Grinder with your +0 long sword.
Grinder barely misses you.
You closely miss Grinder with your +0 long sword.
Grinder is heavily wounded.
You slash Grinder with your +0 long sword!
Grinder barely misses you.
You closely miss Grinder with your +0 long sword.
Grinder is severely wounded.
You hit Grinder with your +0 long sword.
Grinder misses you.
You closely miss Grinder with your +0 long sword.
Grinder is severely wounded.
You closely miss Grinder with your +0 long sword.
Grinder hits you!
* * * LOW HITPOINT WARNING * * *
Grinder gestures at you.
You suddenly lose the ability to move!
Grinder gestures at you. Pain shoots through your body!
* * * LOW HITPOINT WARNING * * *
Grinder hits you but does no damage. Grinder hits you.
* * * LOW HITPOINT WARNING * * *
You writhe in agony.
You die...
Grinder says, "Now the real fun starts!"
Your body crumbles into a pile of gold.

### #.. ####### .# #.#
#...... ... #####.#
#......
.#..#...#?#########......
........+.........'......
........#.#########......
+##..$.#.### #......
$.......@...#######......
.......5......(..........
....##########...###.....
... ###...#..... ..
###.#..... . #....###
###..### #....# ##.#.#


You could see Grinder.

Vanquished Creatures
  Pargi (Sewer)
  A sky beast (D:3)
  An ogre (D:5)
  A howler monkey (D:3)
  An orc priest (D:3)
  3 hounds
  7 adders
  5 dart slugs
  4 ribbon worms
  3 orcs
  6 bats
  5 endoplasms
  6 giant cockroaches
  6 goblins
  13 hobgoblins
  8 jackals
  7 quokkas
  7 ball pythons
  4 frilled lizards
  4 kobolds
  5 rats
98 creatures vanquished.

Notes
Turn   | Place    | Note
-------+----------+-------------------------------------------
     0 | D:1      | seren the Coglin Gladiator began the quest for the Orb.
     0 | D:1      | Reached XP level 1. HP: 16/16 MP: 1/1
    84 | D:1      | Found Neufiruup's Magic Scroll Shop.
   103 | D:1      | Found Culudghe's Armour Shoppe.
   109 | D:1      | Found a faded altar of an unknown god.
   123 | D:1      | Found Iruat's Weapon Shoppe.
   143 | D:1      | Reached XP level 2. HP: 16/22 MP: 2/2
   374 | D:1      | Found Vealapp's Antique Weapon Boutique.
   401 | D:1      | Reached XP level 3. HP: 27/28 MP: 3/3
   434 | D:1      | Found Xaosiqou's Armour Shoppe.
   495 | D:1      | Bought a scroll of identify for 20 gold pieces
  1077 | D:2      | Found Tyad's Antique Weapon Emporium.
  1198 | D:2      | Reached XP level 4. HP: 34/34 MP: 4/4
  1590 | D:3      | Reached XP level 5. HP: 40/40 MP: 5/5
  1611 | D:3      | Found a glowing drain.
  1619 | Sewer    | Entered a sewer
  1723 | Sewer    | Noticed Pargi
  1772 | Sewer    | Killed Pargi
  1773 | Sewer    | Reached skill level 4 in Long Blades
  1773 | Sewer    | Reached skill level 1 in Armour
  1773 | Sewer    | Reached XP level 6. HP: 47/47 MP: 6/6
  2305 | D:3      | Noticed a sky beast
  2576 | D:3      | Killed a sky beast
  3077 | D:4      | Noticed an orc warrior
  3211 | D:4      | Found an opulent altar of Gozag.
  3214 | D:4      | Became a worshipper of Gozag Ym Sagoz the Greedy
  3314 | D:3      | Reached XP level 7. HP: 22/52 MP: 7/7
  3487 | D:1      | Bought a +0 long sword for 45 gold pieces
  3649 | D:4      | Reached skill level 5 in Long Blades
  3845 | D:4      | Found a hazy altar of Hepliaklqana.
  3967 | D:5      | Entered Level 5 of the Dungeon
  4489 | D:5      | Noticed Grinder
  4499 | D:5      | Paralysed by Grinder for 5 turns
  4524 | D:5      | Paralysed by Grinder for 4 turns
  4542 | D:5      | Paralysed by Grinder for 5 turns
  4545 | D:5      | HP: 2/53 [Grinder (1)]
  4545 | D:5      | Slain by Grinder

Illustrated notes

Levels and vault maps discovered:
D:1:      co_arrival_square_in_a_square_in_a_square, layout_rooms,
          ebering_ecumenical_altar_abandoned, serial_bayou, serial_bayou_ford_a,
          serial_bayou_pond_d, serial_bayou_shore_a, serial_bayou_pond_a,
          serial_bayou_pond_c, serial_bayou_lake_a, serial_shops,
          nicolae_shop_peninsula, shop, nicolae_shop_back_alley_shop, shop,
          nicolae_square_shop, hangedman_decor_opposing
D:2:      layout_rooms, serial_shops, nicolae_shop_hallway_plus
D:3:      layout_loops_ring, mainiacjoe_sewer_entry_somewhere_in_here_2
D:4:      layout_basic, mainiacjoe_overflow_alcove_2, kennysheep_mini,
          minmay_bisected
D:5:      layout_basic, uniq_grinder

Skill      XL: |  1  2  3  4  5  6  7 |
---------------+----------------------+-----
Throwing       | 2 3 |  3.4
Dodging        | 3 4 |  4.0
Fighting       | 3 |  3.8
Long Blades    | 4 5 |  5.3
Armour         | 1 2 |  2.2

Action                     |  1- 3 |  4- 6 |  7- 9 || total
---------------------------+-------+-------+-------++-------
  Melee: Long sword        |    81 |   164 |   100 ||   345
         Short sword       |    69 |   158 |       ||   227
    Use: Scroll            |     2 |     3 |     3 ||     8
         Potion            |       |     1 |     1 ||     2
   Stab: Sleeping          |     1 |       |       ||     1
 Armour: Leather armour    |    45 |    84 |    35 ||   164
         Skin              |       |    36 |    18 ||    54
  Dodge: Dodged            |    63 |   105 |    33 ||   201
         Repelled          |       |     4 |       ||     4

Table legend: (Time is in decaauts)
 A = Elapsed time spent in this place.
 B = Non-inter-level travel time spent in this place.
 C = Inter-level travel time spent in this place.
 D = Time resting spent in this place.
 E = Time spent auto-exploring this place.
 F = Levels seen in this place.
 G = Mean time per level.
                   A        B        C        D        E       F      G
               +--------+--------+--------+--------+--------+-----+--------+
         Total |   4644 |   4390 |    254 |    610 |   2491 |   6 |  774.0 |
       Dungeon |   4389 |   4135 |    254 |    550 |   2423 |   5 |  877.8 |
         Sewer |    255 |    255 |      0 |     60 |     68 |   1 |  255.0 |
               +--------+--------+--------+--------+--------+-----+--------+

Top non-repeatable levels by time:
     D:3: 1310 daAuts
     D:1: 994 daAuts
     D:4: 961 daAuts
     D:5: 583 daAuts
     D:2: 538 daAuts
   Sewer: 255 daAuts
